AoeStats
← SlowBoy

Arabian Desert

509175518Analyzed
1v1 RM · 6d ago on Sep 25, 2026· 28m 31s· 2 players
Game mode
Random Map
Map size
Tiny (2 player)
Population
200
Speed
Normal
Resources
Standard
Victory
Conquest
Starting age
Dark Age
Ending age
Imperial Age
RankedLock teamsTeams togetherTeam positionsShared explorationLock speedFull tech treeHidden civsTurbo modeCheats
Victory
Defeat
🇧🇷 Khmer · Brazil
1761
+13
1688
-13
The Guy With The Magic Keyboard
6:44 Loom
9:36 Feudal Age
10:11 Double-Bit Axe
14:53 Horse Collar
18:41 Forging
18:57 Scale Barding Armor
19:49 Bloodlines
20:01 Bloodlines
20:49 Gold Mining
24:16 Castle Age
25:29 Chain Barding Armor
24:44 Pikeman
25:40 Pikeman
27:18 Bow Saw
SlowBoy
6:14 Loom
9:20 Feudal Age
9:51 Double-Bit Axe
9:46 Horse Collar
17:05 Gold Mining
19:23 Castle Age
18:47 Bloodlines
20:14 Scale Barding Armor
20:48 Husbandry
21:02 Forging
24:55 Bow Saw
28:40 Wheelbarrow
Connection lost

Rejoining the realm…

Still unreachable

The connection could not be restored.

Session expired

The server has moved on; the page needs a fresh start.